 Dungeon Crawl Stone Soup version 0.20.0-14-g326068f (webtiles) character file.

37 sagitran the Grave Robber (level 3, -5/24 HPs)
             Began as a Demonspawn Necromancer on June 8, 2017.
             Slain by a gnoll
             ... wielding a +0 spear
              (7 damage)
             ... on level 2 of the Dungeon.
             The game lasted 00:32:41 (1077 turns).

sagitran the Grave Robber (Demonspawn Necromancer)  Turns: 1077, Time: 00:32:42

Health: -5/24      AC:  3    Str:  8    XL:     3   Next: 23%
Magic:  4/6        EV: 12    Int: 17    God:
Gold:   55         SH:  0    Dex: 13    Spells: 1/6 levels left

rFire    + . .     SeeInvis .   i - +4 spear
rCold    . . .     Gourm    .   (no shield)
rNeg     . . .     Faith    +   g - +0 leather armour
rPois    .         Spirit   .   (no helmet)
rElec    .         Reflect  .   (no cloak)
rCorr    .         Harm     .   (no gloves)
MR       .....                  (no boots)
Stlth    ++........             a - amulet of faith
Regen    0.1/turn               (no ring)
MPRegen  0.1/turn               (no ring)

@: no status effects
A: fire resistance 1
a: no special abilities


You were on level 2 of the Dungeon.
You were not hungry.

You visited 1 branch of the dungeon, and saw 2 of its levels.

You collected 55 gold pieces.

Inventory:

Hand Weapons
 d - a +0 hand axe of electrocution
 i - a +4 spear (weapon)
Armour
 g - a +0 leather armour (worn)
Jewellery
 a - an amulet of faith (around neck)
Scrolls
 h - a scroll of magic mapping
Potions
 e - a potion of heal wounds
Books
 b - a book of Necromancy

   Spells                             Type                      Level
   a - Pain                           Necromancy                   1
   b - Animate Skeleton               Necromancy                   1
   c - Vampiric Draining              Necromancy                   3
   d - Regeneration                   Charms/Necromancy            3
   e - Animate Dead                   Necromancy                   4
   f - Control Undead                 Necromancy                   4
Comestibles
 c - 2 bread rations
 f - 4 chunks of flesh


   Skills:
 + Level 2.2 Dodging
 + Level 1.8 Stealth
 + Level 2.3 Spellcasting
 + Level 5.0 Necromancy


You had one spell level left.
You knew the following spells:

 Your Spells              Type           Power        Failure   Level  Hunger
a - Pain                  Necr           ###.         3%          1    #......
b - Animate Skeleton      Necr           N/A          3%          1    #......
c - Vampiric Draining     Necr           ###.......   10%         3    ###....


Dungeon Overview and Level Annotations

Branches:
Dungeon (2/15)

Altars:


Innate Abilities, Weirdness & Mutations

Your flesh is heat resistant. (rF+)


Message History

The gnoll hits you from afar with a spear!
Attack whom?
Press: ? - help, Dir - move target cursor, f/p - gnoll
Aim: a gnoll, wielding a spear and wearing a ring mail (moderately wounded)
You reach to attack!
You barely miss the gnoll.
The gnoll is moderately wounded.
The gnoll hits you from afar with a spear!
* * * LOW HITPOINT WARNING * * *
The gnoll barely misses you.
Casting: Vampiric Draining
Confirm with . or Enter, or press ? or * to list all spells.
You don't know that spell.
Casting: Vampiric Draining
Confirm with . or Enter, or press ? or * to list all spells.
Aiming: Pain
Press: ? - help, Shift-Dir - straight line, f/p - gnoll
Aim: a gnoll, wielding a spear and wearing a ring mail (moderately wounded, chance to defeat MR: 84%)
The gnoll writhes in agony!
The gnoll hits you from afar with a spear!
You die...

.[.# #.# #### #.#
##### #.# #...# #.#
#...##### #.#
....Z.Z.# #.#
#...###.# #.# #...#
#.###############.##
#...#
#......)g.@........#
#...#
#..#################
##### #..# #..# #..#
#... #..# #...


You could see a gnoll.

Vanquished Creatures
  A gnoll (D:2)
  2 bats
  2 giant cockroaches (D:1)
  A goblin (D:1)
  3 hobgoblins
  3 jackals (D:2)
  A ball python (D:1)
  2 kobolds (D:1)
  6 rats
21 creatures vanquished.

Vanquished Creatures (collateral kills)
  A gnoll (D:2)
  A hobgoblin (D:1)
  A frilled lizard (D:1)
3 creatures vanquished.

Grand Total: 24 creatures vanquished

Notes
Turn   | Place    | Note
-------+----------+-------------------------------------------
     0 | D:1      | sagitran the Demonspawn Necromancer began the quest for the Orb.
     0 | D:1      | Reached XP level 1. HP: 13/13 MP: 3/3
    12 | D:1      | Learned a level 1 spell: Animate Skeleton
   419 | D:1      | Gained mutation: Your flesh is heat resistant. (rF+) [demonic ancestry]
   419 | D:1      | Reached XP level 2. HP: 14/19 MP: 5/5
  1003 | D:2      | Reached skill level 5 in Necromancy
  1003 | D:2      | Reached XP level 3. HP: 21/24 MP: 4/6
  1036 | D:2      | Learned a level 3 spell: Vampiric Draining
  1077 | D:2      | Slain by a gnoll

Skill      XL: |  1  2 |
---------------+-------+-----
Dodging        | 2 |  2.2
Necromancy     | 5 |  5.0
Stealth        | |  1.8
Spellcasting   | |  2.3

Action                   || total
-------------------------++-------
Melee: Hand axe          ||    50
       Unarmed           ||     4
       Spear             ||     5
 Cast: Animate Skeleton  ||    10
       Pain              ||     3
       Vampiric Draining ||     1
  Use: Scroll            ||     4
       Potion            ||     6
  Eat: Chunk             ||     1
Armor: Robe              ||     7
       Leather armour    ||    16
Dodge: Dodged            ||    65
